 Dungeon Crawl Stone Soup version 0.29-a0-289-g2178c42546 (webtiles) character file.

Game seed: 11733701212233083991

44 Dabor the Covered (level 3, -2/24 HPs)
             Began as a Gargoyle Fighter on Mar 17, 2022.
             Slain by a worm (9 damage)
             ... on level 2 of the Dungeon.
             The game lasted 00:01:04 (976 turns).

Dabor the Covered (Gargoyle Fighter)                 Turns: 976, Time: 00:01:05

Health: -2/24      AC: 10    Str: 21    XL:     3   Next: 62%
Magic:  3/3        EV:  9    Int:  8    God:
Gold:   66         SH:  4    Dex:  9    Spells: 2/2 levels left

rFire   . . .      SeeInvis .   a - +0 flail
rCold   . . .      Faith    .   c - +0 buckler
rNeg    + . .      Spirit   .   b - +0 scale mail
rPois   ∞          Reflect  .   (no helmet)
rElec   +          Harm     .   (no cloak)
rCorr   .          Rampage  .   (no gloves)
Will    .....                   (no boots)
Stlth   ..........              (no amulet)
HPRegen 0.08/turn               (no ring)
MPRegen 0.08/turn               (no ring)

@: no status effects
A: sickness immunity, AC +3, negative energy resistance 1, electricity
resistance, torment resistance 1, petrification resistance
a: no special abilities


You were on level 2 of the Dungeon.
You visited 1 branch of the dungeon, and saw 2 of its levels.

You collected 66 gold pieces.

Inventory:

Hand Weapons
 a - a +0 flail (weapon)
Armour
 b - a +0 scale mail (worn)
 c - a +0 buckler (worn)
Scrolls
 h - a scroll of blinking {unknown}
 i - a scroll of enchant armour {unknown}
 k - a scroll of vulnerability {unknown}
Potions
 d - 2 potions of might
 e - a potion of degeneration {unknown}
 f - a potion of curing {unknown}
 g - 2 potions of heal wounds {unknown}
 j - a potion of haste {unknown}
 l - a potion of mutation {unknown}


   Skills:
 + Level 3.7 Fighting
 + Level 2.5 Maces & Flails
 + Level 3.8 Armour
 + Level 3.7 Shields


You had 2 spell levels left.
You didn't know any spells.
Your spell library contained the following spells:

 Spells                   Type           Power      Damage    Failure   Level
 Corpse Rot               Necr/Air       0%         N/A       93%         2
 Poisonous Vapours        Pois/Air       0%         N/A       93%         2


Dungeon Overview and Level Annotations

Branches:
Dungeon (2/15)

Altars:
Beogh

Shops:
D:1 !


Innate Abilities, Weirdness & Mutations

You are immune to sickness and miasma.
Your stone body is resilient. (AC +3)
You are immune to poison.
You resist negative energy. (rN+)
You are resistant to electric shocks. (rElec)
You are resistant to unholy torment.
You are immune to petrification.


Message History

An adder comes into view.
The adder hisses angrily.
A worm comes into view.
There are monsters nearby!
There are monsters nearby!
You hit the adder.
The adder is moderately wounded.
The adder closely misses you. The adder bites you.
You hit the adder.
The adder is heavily wounded.
The adder bites you but does no damage. The adder bites you.
You hit the adder.
The adder is almost dead.
The adder bites you but does no damage.
You barely miss the adder.
The adder is almost dead.
The adder bites you. The adder bites you but does no damage.
You barely miss the adder.
The adder is almost dead.
You block the adder's attack. The worm bites you! The adder barely misses you.
You are too injured to fight recklessly!
You are too injured to fight recklessly!
You are too injured to fight recklessly!
The adder bites you but does no damage.
You sock the adder!
You kill the adder!
You block the worm's attack.
You thump the worm!
The worm is heavily wounded.
You hit the worm.
The worm is severely wounded.
The worm bites you.
* * * LOW HITPOINT WARNING * * *
You completely miss the worm.
The worm is severely wounded.
You block the worm's attack.
You hit the worm.
The worm is severely wounded.
The worm bites you!
You die...

##.## ##...##
######.)...##
#...........#
#.####.....## #.# ##)..##
#.# ##.## #.# #.#
##.######@# ##
#.......#w# ..
########<......#.###.##
......................#
####.######.#..#........#
...........###.#####....#
####.######. .... .#....
#.# .. ## # ##. ##.## #.


You could see a worm.

Vanquished Creatures
  An adder (D:2)
  8 ball pythons
  3 bats
  2 endoplasms (D:1)
  3 giant cockroaches (D:1)
  2 goblins (D:1)
  3 quokkas
  4 frilled lizards
  3 kobolds
  3 rats (D:1)
32 creatures vanquished.

Notes
Turn   | Place    | Note
-------+----------+-------------------------------------------
     0 | D:1      | Dabor the Gargoyle Fighter began the quest for the Orb.
     0 | D:1      | Reached XP level 1. HP: 14/14 MP: 1/1
   175 | D:1      | Reached XP level 2. HP: 19/19 MP: 2/2
   482 | D:1      | Found a faded altar of an unknown god.
   536 | D:1      | Reached XP level 3. HP: 22/23 MP: 3/3
   603 | D:1      | Found Husepaog's Distillery.
   976 | D:2      | Slain by a worm

Illustrated notes

Levels and vault maps discovered:
D:1:      heliophobic_arrival_ceremonial_halls, layout_rooms,
          hellmonk_ecumenical_altar_defaced_shrine, serial_shops, shop,
          st_stairs_7
D:2:      layout_loops_ring, serial_glass, glass_columns_b, glass_columns_c,
          item_on_display_a, item_on_display_a

Action                   || total
-------------------------++-------
Melee: Flail             ||   110
Armor: Scale mail        ||    69
Dodge: Dodged            ||    65
Block: Buckler           ||    37

Table legend: (Time is in decaauts)
 A = Elapsed time spent in this place.
 B = Non-inter-level travel time spent in this place.
 C = Inter-level travel time spent in this place.
 D = Time resting spent in this place.
 E = Time spent auto-exploring this place.
 F = Levels seen in this place.
 G = Mean time per level.
                   A        B        C        D        E       F      G
               +--------+--------+--------+--------+--------+-----+--------+
         Total |   1010 |    991 |     19 |      0 |    745 |   2 |  505.0 |
       Dungeon |   1010 |    991 |     19 |      0 |    745 |   2 |  505.0 |
               +--------+--------+--------+--------+--------+-----+--------+

Top non-repeatable levels by time:
     D:1: 684 daAuts
     D:2: 326 daAuts
